 Dungeon Crawl Stone Soup version 0.28.0-45-g0d030f2227 (webtiles) character file.

Game seed: 12353184364453405245

28 Ablot the Cutter (level 3, 0/35 HPs)
             Began as a Gnoll Chaos Knight on Apr 12, 2022.
             Was a Plaything of Xom.
             Slain by Natasha (5 damage)
             ... on level 2 of the Dungeon.
             The game lasted 00:01:22 (911 turns).

Ablot the Cutter (Gnoll Chaos Knight)                Turns: 911, Time: 00:01:22

Health: 0/35       AC:  6    Str: 13    XL:     3   Next: 12%
Magic:  3/3        EV: 12    Int: 11    God:    Xom [..*...]
Gold:   77         SH:  0    Dex: 11    Spells: 3/3 levels left

rFire   . . .      SeeInvis .   a - +0 short sword (chaos)
rCold   . . .      Faith    .   (no shield)
rNeg    . . .      Spirit   .   b - +2 leather armour
rPois   .          Reflect  .   (no helmet)
rElec   .          Harm     .   e - +0 cloak
rCorr   .          Rampage  .   (no gloves)
Will    .....                   (no boots)
Stlth   +.........              (no amulet)
HPRegen 0.11/turn               (no ring)
MPRegen 0.08/turn               (no ring)

@: no status effects
A: fangs 1, strong nose, distributed training
a: Renounce Religion


You were on level 2 of the Dungeon.
You worshipped Xom.
You were a toy of Xom.
You visited 1 branch of the dungeon, and saw 2 of its levels.

You collected 77 gold pieces.

Inventory:

Hand Weapons
 a - a +0 short sword of chaos (weapon)
Missiles
 c - 11 stones (quivered)
 d - 60 arrows
Armour
 b - a +2 leather armour (worn)
 e - a +0 cloak (worn)
Scrolls
 f - a scroll of summoning {unknown}
 h - a scroll of blinking {unknown}
 i - a scroll of vulnerability {unknown}
 j - a scroll of enchant weapon {unknown}
 k - a scroll of identify {unknown}
Potions
 g - a potion of curing {unknown}


   Skills:
 + Level 6.5 Fighting
 + Level 6.5 Short Blades
 + Level 0.6 Long Blades
 + Level 0.6 Axes
 + Level 0.6 Maces & Flails
 + Level 0.6 Polearms
 + Level 0.6 Staves
 + Level 0.6 Slings
 + Level 0.6 Bows
 + Level 0.6 Crossbows
 + Level 0.6 Throwing
 + Level 4.5 Armour
 + Level 2.5 Dodging
 + Level 0.6 Stealth
 + Level 0.6 Shields
 + Level 0.6 Unarmed Combat
 + Level 0.6 Spellcasting
 + Level 0.4 Conjurations
 + Level 0.4 Hexes
 + Level 0.4 Summonings
 + Level 0.4 Necromancy
 + Level 0.4 Translocations
 + Level 0.4 Transmutations
 + Level 0.4 Fire Magic
 + Level 0.4 Ice Magic
 + Level 0.4 Air Magic
 + Level 0.4 Earth Magic
 + Level 0.4 Poison Magic
 + Level 0.8 Invocations
 + Level 0.6 Evocations


You had 3 spell levels left.
You didn't know any spells.
Your spell library contained the following spells:

 Spells                   Type           Power      Damage    Failure   Level
 Beastly Appendage        Tmut           2%         N/A       34%         1
 Wereblood                Tmut           1%         N/A       45%         2
 Spider Form              Tmut/Pois      1%         N/A       71%         3


Dungeon Overview and Level Annotations

Branches:
Dungeon (2/15)

Altars:

Shops:
D:1 (

Annotations:
D:2 Natasha


Innate Abilities, Weirdness & Mutations

You have very sharp teeth.
Your uncanny sense of smell can sniff out nearby items.
Your experience applies equally to all skills.


Message History

Natasha is heavily wounded.
Natasha claws you but does no damage.
You barely miss Natasha.
Natasha is heavily wounded.
The white imp gestures at you. The puff of frost hits you!
The worm barely misses you. Natasha closely misses you.
You hit Natasha but do no damage.
Natasha is severely wounded.
The white imp shouts, "Leave, thou feeble toad-spotted pimple!"
The white imp hits you. The white imp freezes you.
You miss Natasha.
Natasha is severely wounded.
Natasha claws you. The worm misses you. The white imp gestures at you.
The puff of frost hits you!
* * * LOW HITPOINT WARNING * * *
You barely miss Natasha.
Natasha is severely wounded.
Natasha claws you.
* * * LOW HITPOINT WARNING * * *
The white imp misses you.
You closely miss the white imp. You hit the white imp.
The white imp is moderately wounded.
The white imp hits you but does no damage.
You hit the white imp but do no damage.
The white imp is moderately wounded.
The white imp closely misses you.
You puncture the white imp! You burn the white imp.
You kill the white imp!
The white imp disappears in a puff of smoke!
Unknown command.
You hit Natasha but do no damage.
Natasha is severely wounded.
Natasha barely misses you.
You barely miss Natasha. You bite Natasha.
Natasha is almost dead.
Natasha claws you.
You die...

.. ######### .#
........# .#
#####.##..
#......#.#
#.###.[#.#####.
#.# #.@#.......
#.# #.#
#..h....... #.#
#.# ##.#.§####.
#.# #.# #.#.§#
#.########.#
#.#>.#
#.##.......#
.....#
#.##.#######
..#... #.##.#
#..##.#.
#.##.## #..#
.##


You could see Natasha (poisoned).

Vanquished Creatures
  An orc (D:2)
  An endoplasm (D:1)
  A giant cockroach (D:1)
  3 goblins (D:1)
  2 hobgoblins (D:1)
  2 quokkas (D:1)
  3 ball pythons (D:1)
  3 bats
  4 frilled lizards (D:1)
  2 kobolds (D:1)
  5 rats (D:1)
27 creatures vanquished.

Notes
Turn   | Place    | Note
-------+----------+-------------------------------------------
     0 | D:1      | Ablot the Gnoll Chaos Knight began the quest for the Orb.
     0 | D:1      | Reached XP level 1. HP: 23/23 MP: 1/1
    63 | D:1      | Reached XP level 2. HP: 29/29 MP: 2/2
   195 | D:1      | Found Peost's Weapon Emporium.
   436 | D:1      | XOM: divination: detect creatures
   488 | D:1      | Reached XP level 3. HP: 35/35 MP: 3/3
   896 | D:2      | Noticed Natasha
   911 | D:2      | Slain by Natasha

Illustrated notes

Levels and vault maps discovered:
D:1:      nicolae_arrival_washed_ashore, layout_rooms, serial_shops,
          nicolae_shop_bloodbath_and_beyond, item_on_display_a
D:2:      layout_loops_ring, uniq_natasha, uniq_jessica

Action                   || total
-------------------------++-------
Melee: Short sword       ||   100
       Bite              ||     8
 Stab: Confused          ||     1
Armor: Leather armour    ||    26
Dodge: Dodged            ||    67
